 Dungeon Crawl Stone Soup version 0.23.1 (webtiles) character file.

Game seed: 0

16415 glosham the Markscentaur (level 12, -20/104 HPs)
             Began as a Centaur Conjurer on Mar 2, 2019.
             Was a High Priest of Cheibriados.
             Killed from afar by a fire dragon (56 damage)
             ... with a blast of flame
             ... on level 12 of the Dungeon.
             The game lasted 02:35:58 (11428 turns).

glosham the Markscentaur (Centaur Conjurer)        Turns: 11428, Time: 02:35:59

Health: -20/104    AC: 18    Str: 26    XL:     12   Next: 9%
Magic:  5/20       EV:  4    Int: 25    God:    Cheibriados [*****.]
Gold:   709        SH:  0    Dex: 22    Spells: 14/14 levels left

rFire    . . .     SeeInvis +   a - +9 rapier (venom)
rCold    + . .     Gourm    .   (no shield)
rNeg     . . .     Faith    .   X - +0 crystal plate armour
rPois    .         Spirit   .   U - +1 helmet {SInv}
rElec    .         Reflect  .   Y - +2 cloak
rCorr    .         Harm     .   V - +0 pair of gloves
MR       +....                  (no barding)
Stlth    ..........             z - amulet of the acrobat
HPRegen  0.27/turn              A - ring of protection from magic
MPRegen  0.17/turn              B - ring of protection from cold

@: very slow
A: large, hooves 3, deformed body, speed 2, tough skin 3
a: Bend Time, Temporal Distortion, Slouch, Step From Time, Renounce Religion


You were on level 12 of the Dungeon.
You worshipped Cheibriados.
Cheibriados was extremely pleased with you.
You were not hungry.

You visited 2 branches of the dungeon, and saw 13 of its levels.

You collected 709 gold pieces.

Inventory:

Hand Weapons
 a - a +9 rapier of venom (weapon)
 b - a +0 shortbow
 j - a +1 scimitar of electrocution
 C - the +1 long sword of Crusades {slice, +Rage Int+4, unknown}
   (You found it on level 12 of the Dungeon)

   It inflicts extra damage upon your enemies.
   It affects your intelligence (+4).
   It lets you go berserk.
Missiles
 c - 88 arrows
Armour
 d - the +2 leather armour of the Bells {rC+ rCorr}
   (You found it on level 9 of the Dungeon)

   It protects you from cold.
   It provides partial protection from all sources of acid and corrosion.
 v - a +2 robe of magic resistance
 E - a +1 robe of fire resistance
 R - a +0 troll leather armour
 U - a +1 helmet of see invisible (worn)
 V - a +0 pair of gloves (worn)
 X - a +0 crystal plate armour (worn)
 Y - a +2 cloak (worn)
Magical Staves
 t - an uncursed staff of conjuration {!a}
Jewellery
 f - an uncursed amulet of regeneration {unknown}
 z - an amulet of the acrobat (around neck)
 A - a ring of protection from magic (left hand)
 B - a ring of protection from cold (right hand)
 S - an uncursed ring of resist corrosion
 Z - an uncursed ring of wizardry
Wands
 g - a wand of flame (18)
 h - a wand of polymorph (22)
 i - a wand of iceblast (8)
Scrolls
 k - 5 scrolls of teleportation
 l - 2 scrolls of magic mapping
 m - 3 scrolls of fog
 n - 3 scrolls of fear
 o - 7 scrolls of remove curse
 D - 2 scrolls of immolation
Potions
 p - 2 potions of lignification
 q - 3 potions of cancellation
 r - 3 potions of curing
 s - 6 potions of heal wounds
 u - a potion of resistance
 w - 2 potions of brilliance
 x - a potion of agility
 y - a potion of might
Comestibles
 e - 17 rations
 F - 4 chunks of flesh


   Skills:
 - Level 9.0 Fighting
 * Level 16.4 Bows
 - Level 3.0 Armour
 - Level 3.2 Dodging
 - Level 1.1 Stealth
 - Level 1.5 Spellcasting
   Level 3.6 Conjurations
 * Level 10.8 Invocations


You had 14 spell levels left.
You didn't know any spells.
Your spell library contained the following spells:

 Spells                   Type           Power        Failure   Level  Hunger
 Magic Dart               Conj           ###.         92%         1    #......
 Searing Ray              Conj           ###...       98%         2    ###....
 Dazzling Spray           Conj/Hex       ##....       100%        3    ###....
 Cause Fear               Hex            #.........   100%        4    #####..
 Force Lance              Conj/Tloc      ##......     100%        4    #####..
 Fulminant Prism          Conj/Hex       ##........   100%        4    #####..
 Iskenderun's Mystic Bla  Conj           ###.....     100%        4    #####..
 Irradiate                Conj/Tmut      ##........   100%        5    ######.
 Silence                  Hex/Air        #.........   100%        5    ######.
 Yara's Violent Unravell  Hex/Tmut       #.........   100%        5    ######.
 Deflect Missiles         Chrm/Air       #.........   100%        6    #######
 Hydra Form               Tmut           #.........   100%        6    #######
 Statue Form              Tmut/Erth      #........    100%        6    #######
 Dragon Form              Tmut           #.........   100%        7    #######
 Discord                  Hex            #.........   100%        8    #######


Dungeon Overview and Level Annotations

Branches:
Dungeon (12/15)            Temple (1/1) D:4            Lair (0/6) D:9
    Orc: D:9-12

Altars:
Ashenzari
Cheibriados
Dithmenos
Elyvilon
Fedhas
Gozag
Hepliaklqana
Kikubaaqudgha
Makhleb
Nemelex Xobeh
Okawaru
Qazlal
Ru
Sif Muna
Trog
Uskayaw
Vehumet
Wu Jian
Xom
Yredelemnul
Zin
The Shining One


Innate Abilities, Weirdness & Mutations

You have hooves in place of feet.
Armour fits poorly on your strangely shaped body.
You cover ground very quickly.
You have extremely tough skin. (AC +3)


Message History

You kick the fire dragon, but do no damage.
The fire dragon is heavily wounded.
The fire dragon bites you but does no damage.
The fire dragon closely misses you.
The fire dragon tramples you but does no damage.
The yaktaur shoots a bolt.
The bolt hits you.
Unknown command.
The fire dragon bites you but does no damage.
The fire dragon claws you but does no damage.
The fire dragon closely misses you.
The yaktaur unwields a +0 arbalest.
The yaktaur wields an uncursed staff of earth.
The yaktaur hits you with an uncursed staff of earth.
The fire dragon bites you. The fire dragon misses you. x2
Unknown command.
You closely miss the fire dragon.
You kick the fire dragon, but do no damage.
The fire dragon is heavily wounded.
The yaktaur hits you with an uncursed staff of earth!
The fire dragon bites you. The fire dragon claws you!
The fire dragon tramples you.
You hold your ground!
Unknown command.
You can feel time thicken for a moment.
You kill the yaktaur!
Cheibriados appreciates the change of pace.
You kill the manticore!
Cheibriados appreciates the change of pace.
You feel somewhat more hungry.
Cheibriados lowers the support of your attributes as your movement quickens.
The fire dragon bites you but does no damage.
The fire dragon claws you but does no damage.
The fire dragon tramples you but does no damage.
Evoke which item? (* to show all) (? for menu, Esc to quit)
Aiming: Iceblast
Press: ? - help, Shift-Dir - straight line The mass of ice explodes!
The iceblast engulfs the fire dragon.
The fire dragon is almost dead.
The fire dragon breathes flames at you. The blast of flame hits you!!!
Ouch! That really hurt!
You die...

c... #.⌠...⌠.##+####.......
)....##..⌠....##.888#.....##
(.9..['...⌠...#8....'.#...##
#...[⌠..##.888#.......
#.⌠...⌠.##'####.##.###
#...)...#.).#........#
####†####..##...##.#.#
#|D.÷).#.###.##.#.#
##@(.##### #.##.#.# #####
#.##.#.# #.##.#.# #>##.#.#
#.##.#.# #.##.#.# ##.#.#
#)<#.# #)##.#


You could see a fire dragon.

Vanquished Creatures
  Josephine (D:10)
  An unseen horror (D:10)
  Pikel (D:5)
  A deep elf mage (D:12)
  3 ugly things
  A manticore (D:12)
  2 gargoyles (D:12)
  A kobold demonologist (D:12)
  A yaktaur (D:12)
  A tengu conjurer (D:12)
  3 trolls
  Grinder (D:5)
  4 hippogriffs
  6 slime creatures (D:12)
  A hornet (D:7)
  2 wyverns
  Sigmund (D:2)
  5 wraiths (D:10)
  2 hungry ghosts
  Grum (D:10)
  A steam dragon (D:9)
  3 vampire mosquitoes (D:12)
  Menkaure (D:5)
  A soldier ant (shapeshifter) (D:12)
  2 water moccasins
  A black bear (D:8)
  4 orc warriors
  An ice beast (D:6)
  A phantom (D:6)
  6 sky beasts
  A slave (D:4)
  2 hornet zombies
  4 ogres
  4 necrophages
  2 wolves (D:10)
  4 centaurs
  A crocodile (D:9)
  2 big kobolds
  2 bullfrogs
  2 wyvern skeletons
  Dowan (D:4)
  A water moccasin zombie (D:10)
  A scorpion (D:11)
  11 killer bees
  14 wights
  2 howler monkeys (D:11)
  3 crimson imps
  2 bullfrog zombies
  6 hounds
  2 centaur zombies
  4 orc priests
  3 jellies
  Crazy Yiuf (D:5)
  A centaur skeleton (D:9)
  3 orc wizards
  2 bullfrog skeletons
  Jessica (D:2)
  3 iguanas
  Terence (D:2)
  16 worker ants
  2 hound skeletons
  2 mummies (D:10)
  4 gnolls (D:3)
  19 adders
  2 shadow imps
  2 adder skeletons
  An adder zombie (D:5)
  6 worms
  4 dart slugs
  6 leopard geckos
  31 orcs
  A ball python (D:6)
  9 bats
  5 giant cockroaches
  13 goblins
  9 hobgoblins
  8 jackals
  2 quokkas
  3 frilled lizards
  A jackal zombie (D:5)
  8 kobolds
  10 rats
310 creatures vanquished.

Vanquished Creatures (others)
  A slave (D:5)
  A killer bee (D:5)
  2 worker ants (D:5)
  An orc (D:5)
  A jackal (D:5)
6 creatures vanquished.

Grand Total: 316 creatures vanquished

Notes
Turn   | Place    | Note
-------+----------+-------------------------------------------
     0 | D:1      | glosham the Centaur Conjurer began the quest for the Orb.
     0 | D:1      | Reached XP level 1. HP: 14/14 MP: 3/3
    50 | D:1      | Reached skill level 1 in Fighting
    50 | D:1      | Reached XP level 2. HP: 18/24 MP: 0/4
   150 | D:3      | Reached skill level 2 in Fighting
   179 | D:2      | Noticed Sigmund
   286 | D:1      | Reached XP level 3. HP: 10/30 MP: 1/5
   496 | D:1      | Reached skill level 3 in Fighting
   796 | D:2      | Reached XP level 4. HP: 25/40 MP: 0/6
  1029 | D:2      | Reached skill level 4 in Fighting
  1081 | D:2      | Noticed Jessica
  1100 | D:2      | Killed Jessica
  1196 | D:2      | Noticed Terence
  1222 | D:2      | Killed Terence
  1222 | D:2      | Reached XP level 5. HP: 25/47 MP: 7/7
  1452 | D:3      | Reached skill level 5 in Fighting
  1582 | D:3      | Found a stormy altar of Qazlal.
  1583 | D:3      | Found an ancient bone altar of Kikubaaqudgha.
  1895 | D:3      | Found a deep blue altar of Sif Muna.
  2079 | D:3      | Reached XP level 6. HP: 47/57 MP: 8/8
  2324 | D:3      | Reached skill level 6 in Fighting
  2543 | D:4      | Found a staircase to the Ecumenical Temple.
  2552 | Temple   | Entered the Ecumenical Temple
  2589 | Temple   | Became a worshipper of Cheibriados the Contemplative
  2666 | D:4      | Found a white marble altar of Elyvilon.
  2666 | D:4      | Found a blossoming altar of Fedhas.
  2768 | D:4      | Noticed Dowan
  2777 | D:4      | Noticed Duvessa
  2780 | D:4      | Noticed Duvessa
  2780 | D:4      | Duvessa changed into Duvessa the sky beast
  2972 | D:4      | Killed Dowan
  2972 | D:4      | Reached skill level 7 in Fighting
  2982 | D:3      | Reached XP level 7. HP: 29/66 MP: 9/9
  3151 | D:2      | Killed Sigmund
  3199 | D:4      | Reached skill level 8 in Fighting
  3248 | D:4      | Killed Duvessa the sky beast
  3334 | D:4      | Reached skill level 9 in Fighting
  3491 | D:5      | Entered Level 5 of the Dungeon
  3530 | D:5      | Reached skill level 1 in Invocations
  3554 | D:5      | Reached skill level 2 in Invocations
  3554 | D:5      | Reached XP level 8. HP: 60/78 MP: 10/10
  3690 | D:5      | Noticed Grinder
  3691 | D:5      | Reached * piety under Cheibriados
  3701 | D:5      | Reached skill level 3 in Invocations
  3828 | D:5      | Noticed Menkaure
  3839 | D:5      | Killed Menkaure
  3839 | D:5      | Reached skill level 4 in Invocations
  3841 | D:5      | Noticed Pikel
  3852 | D:5      | Killed Pikel
  3852 | D:5      | Reached skill level 7 in Invocations
  3869 | D:5      | Reached skill level 8 in Invocations
  4208 | D:5      | Paralysed by Grinder for 5 turns
  4213 | D:5      | Killed Grinder
  4213 | D:5      | Reached skill level 1 in Armour
  4213 | D:5      | Reached skill level 2 in Dodging
  4213 | D:5      | Reached XP level 9. HP: 27/83 MP: 15/15
  4510 | D:5      | Found a runed translucent door.
  4511 | D:5      | Noticed Crazy Yiuf
  4517 | D:5      | Killed Crazy Yiuf
  4591 | D:5      | Found an opulent altar of Gozag.
  4832 | D:6      | Reached skill level 2 in Armour
  5004 | D:6      | Reached ** piety under Cheibriados
  5009 | D:6      | Reached skill level 3 in Dodging
  5381 | D:6      | Reached skill level 2 in Bows
  5399 | D:6      | Reached skill level 3 in Bows
  5504 | D:7      | Reached skill level 4 in Bows
  5580 | D:7      | Reached skill level 5 in Bows
  5724 | D:7      | Reached skill level 6 in Bows
  6002 | D:7      | Reached skill level 7 in Bows
  6302 | D:7      | Reached skill level 8 in Bows
  6302 | D:7      | Reached XP level 10. HP: 75/91 MP: 16/16
  6681 | D:7      | Reached skill level 9 in Bows
  6712 | D:7      | Reached *** piety under Cheibriados
  7236 | D:8      | Reached skill level 10 in Bows
  7398 | D:8      | Reached skill level 11 in Bows
  7590 | D:8      | Reached **** piety under Cheibriados
  7991 | D:9      | Got an encrusted leather armour
  8001 | D:9      | Reached skill level 3 in Armour
  8150 | D:9      | Found a staircase to the Lair.
  8171 | D:9      | Reached skill level 12 in Bows
  8371 | D:9      | Found a shimmering altar of Xom.
  8544 | D:9      | Identified the +2 leather armour of the Bells {rC+ rCorr}
                  | (You found it on level 9 of the Dungeon)
  8655 | D:10     | Entered Level 10 of the Dungeon
  8718 | D:10     | Reached skill level 13 in Bows
  8760 | D:10     | Noticed Josephine
  8769 | D:10     | Killed Josephine
  8769 | D:10     | Reached XP level 11. HP: 90/97 MP: 17/17
  8773 | D:10     | Noticed an unseen horror
  8781 | D:10     | Killed an unseen horror
  8781 | D:10     | Reached skill level 14 in Bows
  8810 | D:10     | Noticed Grum
  8821 | D:10     | Reached ***** piety under Cheibriados
  8839 | D:10     | Killed Grum
  8839 | D:10     | HP: 7/97 [wolf[Grum] (7)]
  9915 | D:11     | Noticed a purple ugly thing
  9916 | D:11     | Reached skill level 15 in Bows
  9928 | D:11     | Killed a purple ugly thing
  9928 | D:11     | Reached skill level 9 in Invocations
 10096 | D:11     | Noticed a white ugly thing
 10103 | D:11     | Killed a white ugly thing
 10970 | D:12     | Got a crude long sword
 11009 | D:12     | Reached skill level 10 in Invocations
 11148 | D:12     | Noticed a green ugly thing
 11152 | D:12     | Reached skill level 16 in Bows
 11161 | D:12     | Killed a green ugly thing
 11244 | D:12     | Noticed a deep elf mage
 11270 | D:12     | Killed a deep elf mage
 11270 | D:12     | Reached XP level 12. HP: 68/104 MP: 19/19
 11413 | D:12     | Noticed a fire dragon
 11428 | D:12     | Killed from afar by a fire dragon

Skill      XL: |  1  2  3  4  5  6  7  8  9 10 11 |
---------------+----------------------------------+-----
Fighting       | 1 2 3 4 5 7 9 |  9.0
Invocations    | 2 8 10 | 10.8
Armour         | 1 2 3 |  3.0
Dodging        | 2 3 |  3.2
Bows           | 8 13 16 | 16.4
Stealth        | |  1.1
Spellcasting   | |  1.5
Conjurations   | |  3.6

Action                   |  1- 3 |  4- 6 |  7- 9 | 10-12 || total
-------------------------+-------+-------+-------+-------++-------
Melee: Unarmed           |    19 |       |       |       ||    19
       Club              |    11 |       |       |       ||    11
       Kick              |     6 |    41 |    71 |   199 ||   317
       Short sword       |    47 |   115 |       |       ||   162
       Halberd           |       |    57 |       |       ||    57
       Rapier            |       |     5 |   236 |   384 ||   625
 Fire: Hunting sling     |     1 |    14 |     6 |       ||    21
       Shortbow          |       |       |     6 |    51 ||    57
Throw: Tomahawk          |       |       |     6 |       ||     6
 Cast: Magic Dart        |    43 |    71 |     7 |       ||   121
Invok: Slouch            |       |       |       |     3 ||     3
Evoke: Wand              |       |     3 |       |    12 ||    15
  Use: Scroll            |     4 |     7 |     6 |    10 ||    27
       Potion            |       |     2 |     3 |     2 ||     7
  Eat: Chunk             |     1 |     8 |     7 |     7 ||    23
       Ration            |       |       |       |     1 ||     1
Armor: Robe              |     4 |       |       |       ||     4
       Leather armour    |    19 |       |       |       ||    19
       Ring mail         |    16 |    78 |    48 |       ||   142
       Chain mail        |       |       |    76 |    47 ||   123
       Crystal plate arm |       |       |       |   229 ||   229
Dodge: Dodged            |    45 |    69 |   120 |    92 ||   326
Block: Other             |       |     9 |     2 |       ||    11
       Reflection        |       |     1 |       |       ||     1

Table legend:
 A = Turns spent in this place as a percentage of turns spent in the entire game.
 B = Non-inter-level travel turns spent in this place as a percentage of non-inter-level travel turns spent in the entire game.
 C = Inter-level travel turns spent in this place as a percentage of turns spent in this place.
 D = Turns resting spent in this place as a percentage of non-inter-level travel turns spent in this place.
 E = Turns spent auto-exploring this place as a percentage of non-inter-level travel turns spent in this place.
 F = Non-inter-level travel turns spent in this place divided by the number of levels of this place that you've seen.
                   A       B       C       D       E      F
               +-------+-------+-------+-------+-------+----------------------
         Total | 100.0 | 100.0 |   8.2 |  28.4 |   2.7 | 807.3
       Dungeon |  98.0 |  98.9 |   7.4 |  28.8 |   2.3 | 864.6
        Temple |   2.0 |   1.1 |  46.7 |   0.0 |  32.5 | 120.0
               +-------+-------+-------+-------+-------+----------------------

Table legend:
 A = Kills in this place as a percentage of kills in entire the game.
 B = Kills by you in this place as a percentage of kills by you in the entire game.
 C = Kills by friends in this place as a percentage of kills by friends in the entire game.
 D = Other kills in this place as a percentage of other kills in the entire game.
 E = Experience gained in this place as a percentage of experience gained in the entire game.
 F = Experience gained in this place divided by the number of levels of this place that you have seen.
                   A       B       C       D       E      F
               +-------+-------+-------+-------+-------+----------------------
         Total | 100.0 | 100.0 |   N/A |   N/A | 100.0 | 1803.8
       Dungeon |  99.7 |  99.7 |   N/A |   N/A |  99.5 | 1945.3
        Temple |   0.3 |   0.3 |   N/A |   N/A |   0.5 | 106.0
               +-------+-------+-------+-------+-------+----------------------

Levels and vault maps discovered:
D:1:      tarquinn_simple_flora_water_f, layout_basic
D:2:      layout_basic, hangedman_decor_peaks_small, uniq_sigmund, uniq_jessica,
          uniq_terence
D:3:      kb_forest_paths, layout_basic, nicolae_overflow_crystal_walls,
          minitemple, serial_curves, eino_curves_03, eino_curves_04
D:4:      layout_rooms, gammafunk_temple_overflow_elements,
          minmay_temple_entry_trees, first_ration, uniq_duvessa
D:5:      layout_basic, grunt_gozag_breadcrumbs, uniq_grinder, uniq_menkaure,
          uniq_crazy_yiuf_cottage, uniq_pikel
D:6:      layout_gridville
D:7:      layout_cave_pools
D:8:      layout_gridville, kennysheep_generic_room_15
D:9:      layout_loops_ring, lemuel_coloured_pillars_altar, lair_entry_dummy
D:10:     layout_loops_ring, serial_undead, serial_undead_f, serial_undead_c,
          serial_undead_a, serial_undead_a, uniq_josephine, uniq_grum
D:11:     layout_roguey
D:12:     minmay_chambers_of_sevens, layout_basic, orc_0_dummy
Temple:   regret_index_temple_waves
